 Dungeon Crawl Stone Soup version 0.18-a0-1267-gff090c1 (webtiles) character file.

17395 Lathuz the Severer (level 12, -11/113 HPs)
             Began as a Minotaur Berserker on Feb 6, 2016.
             Was an Elder of Trog.
             Engulfed by an ice statue's freezing vapour (22 damage)
             ... in an ice cave.
             The game lasted 00:23:05 (12404 turns).

Lathuz the Severer (Minotaur Berserker)            Turns: 12404, Time: 00:23:06

Health: -11/113    AC: 22    Str: 23    XL:     12   Next: 18%
Magic:  11/11      EV:  8    Int:  4    God:    Trog [****..]
Gold:   682        SH:  5    Dex: 14    Spells: 0 memorised, 11 levels left

rFire  . . .     SeeInvis .     y - +0 war axe
rCold  . . .     Gourm    .     b - +0 plate armour
rNeg   . . .     Faith    .     (no shield)
rPois  .         Spirit   .     n - +2 hat
rElec  .         Dismiss  .     (no cloak)
rCorr  .         Reflect  +     x - +0 pair of gloves
SustAt +         Harm     .     J - +2 pair of boots
MR     .....                    a - +5 amulet of reflection
Stlth  ..........               I - ring of sustain attributes
                                m - ring of flight

@: not resistant to hostile enchantments, extremely unstealthy
A: retaliatory headbutt, horns 2
a: Berserk, Trog's Hand, Brothers in Arms, Burn Spellbooks, Renounce Religion,
Evoke Flight


You were in an ice cave.
You worshipped Trog.
Trog was greatly pleased with you.
You were not hungry.

You visited 2 branches of the dungeon, and saw 13 of its levels.
You also visited: Ossuary and Ice Cave.

You collected 772 gold pieces.
You spent 90 gold pieces at shops.

Inventory:

Hand Weapons
 y - a +0 war axe (weapon)
Missiles
 e - 418 stones (quivered)
Armour
 b - a +0 plate armour (worn)
 n - a +2 hat (worn)
 x - a +0 pair of gloves (worn)
 J - a +2 pair of boots (worn)
Jewellery
 a - a +5 amulet of reflection (around neck)
 m - a ring of flight (left hand)
 u - an uncursed amulet of harm {unknown}
 I - a ring of sustain attributes (right hand)
 N - a cursed ring of teleportation
 R - an uncursed ring of resist corrosion
Wands
 v - a wand of flame (35/48)
 G - a wand of iceblast (4/15)
 L - a wand of flame (17/48)
 M - a wand of digging (12/24)
 P - a wand of paralysis (10/24)
Scrolls
 g - 6 scrolls of immolation
 h - 3 scrolls of remove curse {unknown}
 k - 3 scrolls of enchant armour
 l - a scroll of fog {unknown}
 r - 10 scrolls of teleportation {unknown}
 s - a scroll of recharging {unknown}
 A - 2 scrolls of magic mapping {unknown}
 C - a scroll of fear {unknown}
 O - a scroll of enchant weapon {unknown}
 S - a scroll of holy word {unknown}
Potions
 c - 3 potions of lignification
 d - 2 potions of magic {unknown}
 i - a potion of experience {unknown}
 o - 3 potions of invisibility
 p - 5 potions of heal wounds
 q - 2 potions of curing
 t - 4 potions of brilliance {unknown}
 z - 15 potions of degeneration
 B - 2 potions of haste {unknown}
 D - 2 potions of flight {unknown}
 E - a potion of might {unknown}
 F - a potion of mutation {unknown}
 K - a potion of berserk rage {unknown}
 T - a potion of agility {unknown}
Books
 U - a book of Envenomations

   Spells                             Type                      Level
   a - Spider Form                    Transmutation/Poison         3
   b - Olgreb's Toxic Radiance        Poison                       4
   c - Alistair's Intoxication        Transmutation/Poison         5
   d - Poisonous Cloud                Conjuration/Poison/Air       6
   Trog disapproves of the use of such an item.
Miscellaneous
 Q - a fan of gales
Comestibles
 f - 34 fruits
 j - 10 meat rations
 w - 2 slices of pizza
 H - 2 royal jellies


   Skills:
 + Level 12.7 Fighting
 * Level 15.6 Axes
 + Level 12.6 Armour
 - Level 2.1 Dodging


You had 11 spell levels left.
You didn't know any spells.

Dungeon Overview and Level Annotations

Branches:
Dungeon (10/15)            Temple (0/1) D:4            Lair (3/8) D:8
  Swamp: Lair:3-6    Shoals: Lair:3-6     Snake: Lair:3-6    Spider: Lair:3-6
    Orc: D:9-12

Altars:
Elyvilon
Fedhas
Makhleb
Ru
Trog
Vehumet
Zin
The Shining One

Shops:
D:4 [   D:5 *

Annotations:
IceCv exclusion: ice statue


Innate Abilities, Weirdness & Mutations

You reflexively headbutt those who attack you in melee.
You have a pair of horns on your head.


Message History

The ice statue is severely damaged.
You slash the ice beast!
The ice beast is almost dead.
You are engulfed in freezing vapours.
The ice beast closely misses you.
You hit the ice statue but do no damage.
You headbutt the ice statue.
The ice statue is severely damaged.
You hit the ice beast but do no damage.
The ice beast is almost dead.
You are engulfed in freezing vapours.
The ice statue throws cold at you. The bolt of cold hits you!
* * * LOW HITPOINT WARNING * * *
The ice beast closely misses you.
You hit the ice statue but do no damage.
The ice statue is severely damaged.
You slice the ice beast!!
You kill the ice beast!
You are engulfed in freezing vapours.
You die...

#### ####.#.## ##..##
#### #.......##
#....#####..####.......#
.......##....##........#
.∩.∩.......#...........#
..........###.........##
#....##..## ###..§....#
##..###### ##.§§...#
#### #8@.....# ##§§...##
#..§.## ##..## ... #...
..## ...


You could see an ice statue.

Vanquished Creatures
  Gastronok (Lair:1)
  Maud (Lair:3)
  2 hydras
  2 death yaks (Lair:3)
  A black mamba (Lair:2)
  An ice statue (IceCv)
  4 komodo dragons
  3 spiny frogs
  Sigmund (D:4)
  13 yaks
  A basilisk (Lair:2)
  2 hippogriffs
  3 wolves (Lair:1)
  3 water moccasins
  2 sky beasts
  6 porcupines
  10 ice beasts
  A black bear (D:8)
  An orc warrior (D:7)
  A phantom (D:5)
  A necrophage (D:9)
  5 ogres
  A centaur (D:9)
  6 crocodiles
  A big kobold (D:8)
  11 giant frogs
  2 scorpions
  2 electric eels (Lair:1)
  6 crimson imps
  2 giant frog zombies (D:5)
  6 human zombies (Ossuary)
  3 centaur zombies
  3 hounds
  A giant frog skeleton (D:9)
  4 orc priests
  A jelly (D:6)
  5 orc wizards
  An iguana (Lair:2)
  6 worker ants
  A killer bee zombie (D:8)
  A hound zombie (D:8)
  A hound skeleton (D:3)
  5 mummies (Ossuary)
  10 gnolls
  5 adders
  6 river rats (Lair:1)
  2 shadow imps (D:8)
  6 white imps (IceCv)
  6 ufetubi (IceCv)
  2 oozes
  2 adder skeletons
  4 worms
  3 giant geckos
  16 orcs
  7 giant cockroaches
  11 hobgoblins
  4 jackals (D:3)
  5 quokkas
  8 bats
  A giant gecko zombie (D:6)
  6 giant newts
  2 goblins
  A jackal skeleton (D:5)
  8 kobolds
  A quokka skeleton (D:5)
  2 quokka zombies (D:6)
  22 rats
  A plant (Lair:1)
275 creatures vanquished.

Vanquished Creatures (collateral kills)
  A hydra (Lair:1)
  A death yak (Lair:3)
  An iguana (D:9)
3 creatures vanquished.

Vanquished Creatures (others)
  2 white imps (IceCv)
  An ufetubus (IceCv)
  A plant (Lair:1)
4 creatures vanquished.

Grand Total: 282 creatures vanquished

Notes
Turn   | Place    | Note
--------------------------------------------------------------
     0 | D:1      | Lathuz the Minotaur Berserker began the quest for the Orb.
     0 | D:1      | Reached XP level 1. HP: 19/19 MP: 0/0
    76 | D:1      | Reached skill level 4 in Axes
   125 | D:1      | Reached XP level 2. HP: 25/26 MP: 1/1
   589 | D:1      | Reached ** piety under Trog
   605 | D:1      | You fall through a shaft!
   781 | D:1      | Reached skill level 5 in Axes
  1174 | D:2      | Reached XP level 3. HP: 15/31 MP: 2/2
  1950 | D:3      | Reached skill level 6 in Axes
  1950 | D:3      | Reached XP level 4. HP: 39/39 MP: 3/3
  2150 | D:3      | Found a sacrificial altar of Ru.
  2150 | D:3      | Found a radiant altar of Vehumet.
  2151 | D:3      | Found a white marble altar of Elyvilon.
  2325 | D:3      | Reached *** piety under Trog
  2591 | D:4      | Found a staircase to the Ecumenical Temple.
  2605 | D:4      | Found Hoddaf's Antique Armour Emporium.
  2634 | D:4      | Bought a pair of gloves for 90 gold pieces
  2662 | D:4      | Reached skill level 7 in Axes
  2662 | D:4      | Reached XP level 5. HP: 35/45 MP: 4/4
  2735 | D:4      | Noticed an ogre
  2743 | D:4      | Killed an ogre
  2743 | D:4      | Reached skill level 8 in Axes
  3119 | D:4      | Reached XP level 6. HP: 51/51 MP: 5/5
  3145 | D:4      | Noticed Sigmund
  3152 | D:4      | Killed Sigmund
  3152 | D:4      | Reached skill level 9 in Axes
  3337 | D:4      | Found a burning altar of Makhleb.
  3337 | D:4      | Noticed a green death
  3388 | D:5      | Entered Level 5 of the Dungeon
  3565 | D:5      | Noticed a sky beast
  3575 | D:5      | Reached XP level 7. HP: 57/57 MP: 6/6
  3581 | D:5      | Reached skill level 10 in Axes
  3582 | D:5      | Found Hevvixie's Elemental Accessories.
  3864 | D:5      | Reached **** piety under Trog
  4026 | D:5      | Found a blossoming altar of Fedhas.
  4469 | D:6      | Reached skill level 11 in Axes
  4790 | D:6      | Reached XP level 8. HP: 64/64 MP: 7/7
  4806 | D:6      | Found a glowing silver altar of Zin.
  5158 | D:7      | Found a sand-covered staircase.
  5171 | Ossuary  | Entered an ossuary
  5313 | Ossuary  | Reached skill level 5 in Fighting
  5492 | Ossuary  | Reached skill level 5 in Armour
  5699 | D:7      | Found a glowing golden altar of the Shining One.
  5703 | D:7      | Found a bloodstained altar of Trog.
  6440 | D:8      | Reached XP level 9. HP: 78/78 MP: 8/8
  6828 | D:8      | Found a staircase to the Lair.
  8505 | D:10     | Entered Level 10 of the Dungeon
  8541 | Lair:1   | Entered Level 1 of the Lair of Beasts
  8581 | Lair:1   | Noticed an eight-headed hydra
  8600 | Lair:1   | Killed a 15-headed hydra
  8600 | Lair:1   | Reached skill level 10 in Fighting
  8600 | Lair:1   | Reached skill level 10 in Armour
  8600 | Lair:1   | Reached XP level 10. HP: 83/93 MP: 9/9
  8983 | Lair:1   | Reached skill level 12 in Axes
  9069 | Lair:1   | Noticed a spiny frog
  9082 | Lair:1   | Killed a spiny frog
  9082 | Lair:1   | Received a gift from Trog
  9525 | Lair:1   | Noticed Gastronok
  9540 | Lair:1   | Killed Gastronok
  9540 | Lair:1   | Reached skill level 13 in Axes
  9682 | Lair:1   | Noticed a spiny frog
  9686 | Lair:1   | Killed a spiny frog
  9686 | Lair:1   | Reached XP level 11. HP: 102/102 MP: 10/10
 10045 | Lair:1   | Noticed a five-headed hydra
 10050 | Lair:1   | Killed a six-headed hydra
 10514 | Lair:2   | Reached skill level 14 in Axes
 11442 | Lair:3   | Noticed a death yak
 11442 | Lair:3   | Noticed a death yak
 11445 | Lair:3   | Noticed a death yak
 11452 | Lair:3   | Killed a death yak
 11460 | Lair:3   | Killed a death yak
 11465 | Lair:3   | Killed a death yak
 11618 | Lair:3   | Noticed Maud
 11633 | Lair:3   | Killed Maud
 11633 | Lair:3   | Reached skill level 15 in Axes
 11807 | Lair:3   | Reached XP level 12. HP: 107/113 MP: 11/11
 11970 | Lair:3   | Noticed a four-headed hydra
 11976 | Lair:3   | Killed a seven-headed hydra
 12017 | Lair:3   | Found a frozen archway.
 12125 | IceCv    | Entered an ice cave
 12404 | IceCv    | Engulfed by an ice statue's freezing vapour

Vault maps used:
D:1:      moated_graveyard_arrival, kennysheep_small_spiral, solitary_fountain
D:2:      first_bread
D:3:      gammafunk_temple_overflow_claw, minmay_rat_hole
D:4:      makhleb_altar_promises_db, minmay_temple_entry_mist, serial_shops,
          shop, st_stairs_7, minmay_cupped, uniq_sigmund
D:5:      marbit_many_paths, nicolae_elemental_shop
D:6:      zin_treasury
D:7:      minitemple, enter_ossuary_2
D:8:      lair_0_dummy, blue_anna_alchemist
Lair:1:   grunt_forest_large_clearings, grunt_megastairs_4,
          serial_bayou_shore_b, serial_bayou_shore_a, uniq_gastronok
Lair:2:   grunt_megastairs_2
Lair:3:   portal_ice_cave_entry_ice_beasts, grunt_megastairs_3, uniq_maud
Ossuary:  ossuary_crypta
IceCv:    ice_cave_small_demon

Action                   |  1- 3 |  4- 6 |  7- 9 | 10-12 || total
-------------------------+-------+-------+-------+-------++-------
Melee: Hand axe          |    91 |    97 |       |       ||   188
       War axe           |       |     7 |   343 |   341 ||   691
Invok: Berserk           |     1 |     4 |     4 |     7 ||    16
       Brothers in Arms  |       |       |     2 |     2 ||     4
       Trog's Hand       |       |       |     1 |     3 ||     4
       Burn Spellbooks   |       |       |       |     1 ||     1
  Use: Scroll            |     1 |     2 |    12 |     2 ||    17
       Potion            |       |       |       |     1 ||     1
  Eat: Chunk             |     4 |     5 |    14 |    12 ||    35
       Bread ration      |       |     1 |     1 |       ||     2
       Beef jerky        |       |       |     1 |       ||     1
       Fruit             |       |       |       |     7 ||     7
       Meat ration       |       |       |       |     1 ||     1
